 Dungeon Crawl Stone Soup version 0.28-a0-612-gcfc00ec14d (webtiles) character file.

Game seed: 8151672369073122933

120737 Rennog the Severer (level 16, -6/158 HPs)
             Began as a Purple Draconian Fighter on Oct 5, 2021.
             Was a High Priest of Trog.
             Shot with a bolt by a naga sharpshooter (16 damage)
             ... led by Vashnia
             ... on level 2 of the Snake Pit.
             The game lasted 00:55:20 (35721 turns).

Rennog the Severer (Purple Draconian Fighter)      Turns: 35721, Time: 00:55:25

Health: -6/158     AC: 14    Str: 22    XL:     16   Next: 30%
Magic:  16/16      EV: 25    Int:  8    God:    Trog [*****.]
Gold:   2069       SH:  5    Dex: 21    Spells: 15/15 levels left

rFire   . . .      SeeInvis .   G - +7 battleaxe "Tumpi" {flame, Dex+6}
rCold   . . .      Faith    .   (shield currently unavailable)
rNeg    . . .      Spirit   .   (armour unavailable)
rPois   +          Reflect  +   F - +1 hat
rElec   .          Harm     .   E - +0 cloak
rCorr   .          Rampage  .   P - +2 pair of gloves {Stlth+}
Will    ++...                   (no boots)
Stlth   +++.......              D - amulet of reflection
HPRegen 0.36/turn               z - ring of poison resistance
MPRegen 0.15/turn               L - +4 ring of evasion

@: on berserk cooldown, slowed, studying Throwing, very slow
A: breathe power, AC +9, unfitting armour, cold-blooded
a: Breathe Dispelling Energy, Renounce Religion, Berserk, Trog's Hand, Brothers
in Arms


You were on level 2 of the Snake Pit.
You worshipped Trog.
Trog was extremely pleased with you.
You visited 4 branches of the dungeon, and saw 25 of its levels.
You also visited: Ossuary and Gauntlet.

You collected 2345 gold pieces.
You spent 276 gold pieces at shops.

Inventory:

Hand Weapons
 G - the +7 battleaxe "Tumpi" (weapon) {flame, Dex+6}
   (You found it on level 8 of the Dungeon)

   It burns those it strikes, dealing additional fire damage.
   Big, fiery blades are also staple armaments of hydra-hunters.
   Dex:       It affects your dexterity (+6).
 Q - a +2 executioner's axe of flaming
Missiles
 A - 2 throwing nets (quivered)
Armour
 o - a +0 kite shield
 E - a +0 cloak (worn)
 F - a +1 hat (worn)
 P - a +2 pair of gloves of stealth (worn)
Jewellery
 a - a +6 ring of strength
 l - a ring of resist corrosion
 z - a ring of poison resistance (left hand)
 C - a ring of fire
 D - an amulet of reflection (around neck)
 L - a +4 ring of evasion (right hand)
 N - a ring of positive energy
 O - the ring of Foank {+Blink rF- rN+ Dex+2}
   (You found it in a Gauntlet)

   [ring of positive energy]

   Dex:       It affects your dexterity (+2).
   rF:        It makes you vulnerable to fire.
   rN:        It protects you from negative energy.
   +Blink:    It lets you blink.
 R - a ring of flight
Wands
 k - a wand of charming (14)
 n - a wand of acid (16)
 w - a wand of flame (75)
 x - a wand of iceblast (24)
 I - a wand of polymorph (18)
 Y - a wand of mindburst (21)
Scrolls
 b - a scroll of brand weapon
 e - 3 scrolls of enchant weapon
 g - 3 scrolls of amnesia
 j - 5 scrolls of teleportation
 t - a scroll of holy word
 u - 3 scrolls of fear
 v - 6 scrolls of magic mapping
 y - 2 scrolls of silence
 B - 3 scrolls of blinking
 H - 3 scrolls of identify
 K - 2 scrolls of fog
 M - 5 scrolls of enchant armour
 Z - a scroll of summoning
Potions
 c - 2 potions of might
 d - a potion of resistance {unknown}
 h - 4 potions of curing
 i - 4 potions of lignification
 m - 4 potions of berserk rage
 q - 2 potions of invisibility
 r - 4 potions of cancellation
 s - 5 potions of attraction
 J - 4 potions of haste
 U - a potion of magic
 V - 3 potions of ambrosia
 W - 3 potions of flight
 X - a potion of mutation
Miscellaneous
 f - a box of beasts (inert)
 S - a lightning rod (4/4)
 T - a phantom mirror (inert)


   Skills:
 * Level 18.3 Fighting
 * Level 18.3(18.4) Axes
 - Level 3.7(12.5) Maces & Flails
 + Level 12.3 Dodging
 - Level 6.0 Shields
 + Level 9.9 Evocations


You had 15 spell levels left.
You didn't know any spells.
Your spell library contained the following spells:

 Spells                   Type           Power      Damage    Failure   Level
 Foxfire                  Conj/Fire      0%         2x1d4     41%         1
 Conjure Flame            Conj/Fire      0%         6-21      78%         3
 Inner Flame              Hex/Fire       0%         N/A       78%         3
 Flame Wave               Conj/Fire      0%         3d3       99%         4


Dungeon Overview and Level Annotations

Branches:
Dungeon (15/15)            Temple (0/1) D:6            Lair (6/6) D:11
  Swamp (0/4) Lair:3        Snake (2/4) Lair:4        Slime (0/5) Lair:5
    Orc (2/2) D:11            Elf (0/3) Orc:2        Vaults (0/5) D:13
 Depths (0/4) D:15        Ossuary (visited)         Gauntlet (visited)

Altars:
Hepliaklqana
Okawaru
Ru
Sif Muna
Trog
Uskayaw
Xom
Beogh
Jiyva

Shops:
D:2 !!*   D:5 [   D:8 [   D:10 !   Orc:2 ((*(   Snake:1 *

Annotations:
D:3 3 runed translucent doors, Charcat's ghost, amateur MfWn
Lair:2 1 runed translucent door, Reubyar's ghost, journeyman MiBe
Lair:4 3 runed translucent doors, Luuqe's ghost, journeyman MfGl
Lair:5 2 transporters, Sorchofoz's ghost, journeyman OpBe
Snake:1 Roxanne
Snake:2 Vashnia
Orc:2 2 runed translucent doors, jejorda2's ghost, journeyman MfBe; robertstho's ghost, journeyman MiBe


Innate Abilities, Weirdness & Mutations

You can breathe bolts of dispelling energy.
Your rich purple scales are hard. (AC +9)
You cannot fit into any form of body armour.
You are cold-blooded and may be slowed by cold attacks.


Message History

The naga sharpshooter casts a spell.
You open Vashnia like a pillowcase!!! You burn Vashnia!
Vashnia is almost dead.
You feel sick.
The naga no longer looks unusually strong.
Vashnia shoots a bolt.
The bolt hits you!!
* * * LOW HITPOINT WARNING * * *
The naga warrior spits poison at you. The splash of poison misses you.
The splash of poison misses the anaconda.
The splash of poison hits the naga.
You miss Vashnia. You tail-slap Vashnia.
Vashnia is almost dead.
You barely miss the anaconda. The anaconda grabs you. The anaconda bites you.
* * * LOW HITPOINT WARNING * * *
The anaconda constricts you.
* * * LOW HITPOINT WARNING * * *
The naga ritualist mumbles some strange prayers to its god.
The naga ritualist begins to radiate toxic energy.
* * * LOW HITPOINT WARNING * * *
You are lethally poisoned!
Vashnia gestures wildly while chanting.
Vashnia blinks!
Unknown command.
You are too berserk!
You escape the anaconda's grasp.
You are no longer berserk.
You are exhausted.
You feel yourself slow down.
* * * LOW HITPOINT WARNING * * *
You feel sick. You block the naga ritualist's attack.
Items here: ))) ††.
You feel better.
The naga sharpshooter no longer looks unusually strong.
The anaconda closely misses you. x2
Vashnia glares at her squad, motioning for silence.
The naga sharpshooter mumbles some strange words.
The naga sharpshooter magically shoots a bolt.
The bolt hits you!
You die...

...######
###.## ####
#N# #.# #.##
#..####
#NN...#
#N§N..#
#S)#### #@##
#N# ##.#
#..##
#...#####....
#......##...
#......##...
#...#####..#
#..#####...#


You could see Vashnia (strong), a naga warrior (catching breath), 2 naga
sharpshooters, an anaconda, a naga ritualist (toxic aura, catching breath) and a
naga (catching breath).

Vanquished Creatures
  Jorgrun (D:14)
  Kirke (D:12)
  An orc warlord (Orc:1)
  Nessos (D:14)
  Azrael (D:12)
  A minotaur (Gauntlet)
  An ettin (D:15)
  3 naga warriors (Snake:1)
  4 boulder beetles
  13 hydras
  An ogre mage (D:15)
  Erica (D:11)
  2 catoblepae
  3 anacondas (Snake:1)
  A death knight (D:15)
  2 centaur warriors
  5 death yaks (Lair:6)
  A deep troll shaman (Lair:6)
  5 two-headed ogres
  4 naga sharpshooters
  5 orc high priests (Orc:2)
  A shock serpent (Snake:2)
  Urug (Lair:6)
  Sonja (Orc:2)
  4 skeletal warriors (D:15)
  3 wizards
  A lindwurm (Lair:6)
  2 deep elf pyromancers
  3 deep trolls (D:15)
  9 orc knights
  2 naga ritualists (Snake:1)
  2 necromancers
  4 mana vipers (Snake:1)
  A salamander (Snake:2)
  7 cyclopes
  13 ugly things (D:14)
  3 manticores
  15 elephants
  A naga mage (Snake:2)
  16 black mambas
  A black mamba (shapeshifter) (D:14)
  11 cane toads
  A gargoyle (D:8)
  6 rime drakes
  5 unseen horrors
  16 komodo dragons
  2 tengu conjurers (D:13)
  A freezing wraith (D:15)
  A queen bee (Lair:4)
  3 meliai (Lair:4)
  4 polar bears
  8 trolls
  A tyrant leech (Lair:3)
  A raiju (Gauntlet)
  17 blink frogs
  Grinder (D:4)
  4 slime creatures (D:15)
  2 vampires
  2 shadows
  Eustachio (D:4)
  2 wraiths
  47 yaks
  10 wyverns
  2 steam dragons
  Grum (D:11)
  3 hogs (D:12)
  5 fire elementals (D:12)
  9 vampire mosquitoes
  4 basilisks
  7 wargs
  3 swamp worms
  6 nagas
  2 acid dragons
  15 water moccasins
  3 hell hounds (D:12)
  An ice beast (D:6)
  3 sky beasts
  3 necrophages
  12 ogres
  34 orc warriors
  5 black bears
  21 wolves
  2 centaurs
  4 kobold brigands
  10 bullfrogs
  3 elf zombies (Ossuary)
  2 scorpions (D:5)
  A hornet simulacrum (Gauntlet)
  28 killer bees (Lair:4)
  3 wights (D:7)
  An electric eel (D:14)
  4 howler monkeys
  A bullfrog zombie (D:6)
  7 centaur zombies
  3 human zombies (Ossuary)
  26 orc priests
  A jelly (D:7)
  A gnoll shaman (Orc:1)
  A hound (D:5)
  A bullfrog skeleton (D:6)
  2 lightning spires (Gauntlet)
  17 orc wizards
  5 iguanas
  3 hell rats (Lair:4)
  3 killer bee zombies
  A howler monkey zombie (D:8)
  3 mummies (Ossuary)
  A howler monkey skeleton (D:6)
  5 adders
  5 gnolls (Orc:1)
  11 river rats (Lair:4)
  4 white imps
  An adder zombie (Ossuary)
  2 worms (D:2)
  A dart slug (D:4)
  51 orcs
  3 endoplasms
  2 giant cockroaches
  6 goblins
  3 hobgoblins
  5 jackals
  8 quokkas
  6 ball pythons
  3 bats
  6 frilled lizards
  2 gnoll zombies (Ossuary)
  3 goblin zombies (Ossuary)
  3 hobgoblin zombies (Ossuary)
  5 jackal zombies (Ossuary)
  23 kobolds
  4 kobold zombies (Ossuary)
  An orc zombie (Ossuary)
  3 quokka zombies (Ossuary)
  A rat (D:2)
  4 rat zombies
737 creatures vanquished.

Vanquished Creatures (collateral kills)
  Mlioglotl (Snake:1)
  2 skeletal warriors (D:15)
3 creatures vanquished.

Vanquished Creatures (others)
  29 fungi
  35 plants
  4 toadstools (D:1)
68 creatures vanquished.

Grand Total: 808 creatures vanquished

Notes
Turn   | Place    | Note
-------+----------+-------------------------------------------
     0 | D:1      | Rennog the Draconian Fighter began the quest for the Orb.
     0 | D:1      | Reached XP level 1. HP: 19/19 MP: 1/1
   313 | D:1      | Reached XP level 2. HP: 20/27 MP: 2/2
  1164 | D:2      | Found Meumozet's Distillery.
  1173 | D:2      | Bought a potion of curing for 36 gold pieces
  1193 | D:2      | Found Xoamp's Distillery.
  1286 | D:2      | Reached XP level 3. HP: 23/33 MP: 3/3
  1504 | D:2      | Found a faded altar of an unknown god.
  1513 | D:2      | Became a worshipper of Trog the Wrathful
  1513 | D:2      | Reached * piety under Trog
  1691 | D:2      | Found Ommeiren's Assorted Antiques.
  2347 | D:3      | Noticed Charcat's ghost (amateur MfWn)
  2827 | D:3      | Found a runed translucent gate.
  2827 | D:3      | Found a runed translucent gate.
  2827 | D:3      | Found a runed translucent gate.
  3054 | D:4      | Noticed a necrophage
  3063 | D:4      | Killed a necrophage
  3064 | D:4      | Reached skill level 5 in Fighting
  3064 | D:4      | Reached XP level 4. HP: 42/42 MP: 4/4
  3064 | D:4      | Reached XP level 5. HP: 48/48 MP: 5/5
  3170 | D:4      | Noticed Eustachio
  3188 | D:4      | Killed Eustachio
  3189 | D:4      | Reached XP level 6. HP: 20/58 MP: 6/6
  3568 | D:4      | Noticed Grinder
  3839 | D:4      | Paralysed by Grinder for 2 turns
  3846 | D:4      | Killed Grinder
  3847 | D:4      | Your scales start taking on a rich purple colour.
  3847 | D:4      | Reached XP level 7. HP: 67/67 MP: 7/7
  4506 | D:5      | Entered Level 5 of the Dungeon
  4531 | D:5      | Found a hide-covered altar of Uskayaw.
  4708 | D:5      | Reached skill level 5 in Dodging
  4741 | D:5      | Reached ** piety under Trog
  4856 | D:5      | Found Ucob's Armour Emporium.
  4994 | D:5      | Found a hazy altar of Hepliaklqana.
  5205 | D:6      | Reached XP level 8. HP: 24/77 MP: 8/8
  5408 | D:6      | HP: 3/78 [bullfrog skeleton (6)]
  5461 | D:6      | Found a sand-covered staircase.
  5472 | Ossuary  | Entered an ossuary
  6464 | Ossuary  | Reached skill level 10 in Fighting
  6465 | Ossuary  | Reached *** piety under Trog
  6631 | D:6      | Noticed a four-headed hydra
  6640 | D:6      | Killed a four-headed hydra
  6641 | D:6      | Reached skill level 5 in Shields
  6641 | D:6      | Reached XP level 9. HP: 86/86 MP: 9/9
  7307 | D:6      | Identified the +2 scale mail of the Salamander {rElec
                  | Int+2}
  7549 | D:6      | Found a staircase to the Ecumenical Temple.
  7982 | D:7      | Found a sacrificial altar of Ru.
  9049 | D:8      | Noticed a seven-headed hydra
  9054 | D:8      | Killed a seven-headed hydra
  9055 | D:8      | Reached XP level 10. HP: 100/100 MP: 10/10
  9129 | D:8      | Noticed a gargoyle
  9141 | D:8      | Killed a gargoyle
  9156 | D:8      | HP: 5/100 [something (2)]
  9501 | D:8      | Noticed a cyclops
 10278 | D:8      | Found Quafoa's Antique Armour Boutique.
 11416 | D:8      | Noticed a cyclops
 11440 | D:8      | Killed a cyclops
 11500 | D:8      | Killed a cyclops
 11619 | D:8      | Noticed a red ugly thing
 11619 | D:8      | Noticed a green ugly thing
 11626 | D:8      | Identified the +8 rapier of Beogh's Generosity {elec, Drain
                  | Str+3 Int+7 Dex-5}
 11628 | D:8      | Identified the +7 battleaxe "Tumpi" {flame, Dex+6}
 11716 | D:8      | Reached skill level 1 in Axes
 12440 | D:9      | Reached XP level 11. HP: 71/108 MP: 11/11
 12679 | D:9      | HP: 4/108 [something (10)]
 13555 | D:9      | Noticed a wizard
 13599 | D:9      | Killed a wizard
 13600 | D:9      | Reached skill level 5 in Axes
 13651 | D:9      | Reached **** piety under Trog
 13844 | D:10     | Entered Level 10 of the Dungeon
 14300 | D:10     | Found Hygaisk's Distillery.
 14310 | D:10     | Bought a potion of heal wounds for 80 gold pieces
 14310 | D:10     | Bought a potion of haste for 160 gold pieces
 14866 | D:10     | Found an iron altar of Okawaru.
 14883 | D:10     | Identified the +1 leather armour of Bonkousi {rCorr Str+4}
 15305 | D:11     | Noticed Grum
 15315 | D:11     | Killed Grum
 15664 | D:11     | Found a staircase to the Lair.
 15868 | D:11     | Noticed Erica
 16515 | D:11     | Found a staircase to the Orcish Mines.
 16653 | D:11     | Noticed an eight-headed hydra
 16659 | D:11     | Killed a five-headed hydra
 16660 | D:11     | Reached skill level 10 in Axes
 16841 | D:11     | Killed Erica
 16975 | Lair:1   | Entered Level 1 of the Lair of Beasts
 17008 | Lair:1   | Reached XP level 12. HP: 98/116 MP: 12/12
 17420 | Lair:1   | Noticed a seven-headed hydra
 17444 | Lair:1   | Killed a five-headed hydra
 18159 | Lair:2   | Found a runed translucent door.
 18159 | Lair:2   | Found a shimmering altar of Xom.
 18159 | Lair:2   | Noticed Reubyar's ghost (journeyman MiBe)
 18232 | Lair:2   | Reached ***** piety under Trog
 19124 | Lair:3   | Found a gate leading to a gauntlet.
 19134 | Gauntlet | Entered a Gauntlet
 19134 | Gauntlet | Found a transporter.
 19134 | Gauntlet | Found a transporter.
 19165 | Gauntlet | Found a transporter.
 19180 | Gauntlet | Found a transporter.
 19194 | Gauntlet | Found a transporter.
 19207 | Gauntlet | Found a transporter.
 19301 | Gauntlet | Found a transporter.
 19310 | Gauntlet | Found a transporter.
 19324 | Gauntlet | Found a transporter.
 19337 | Gauntlet | Found a transporter.
 19341 | Gauntlet | Noticed a cacodemon
 19353 | Gauntlet | Found a transporter.
 19420 | Gauntlet | Found a transporter.
 19426 | Gauntlet | Noticed a tengu warrior
 19432 | Gauntlet | Found a transporter.
 19437 | Gauntlet | Found a transporter.
 19448 | Gauntlet | Found a transporter.
 19464 | Gauntlet | Found a transporter.
 19603 | Gauntlet | Identified the ring of Foank {+Blink rF- rN+ Dex+2}
 19859 | Gauntlet | Identified the +11 longbow of Qoiryu {venom, Str+7}
 19859 | Gauntlet | Noticed a minotaur
 19865 | Gauntlet | Killed a minotaur
 19930 | Lair:3   | Reached skill level 1 in Evocations
 20395 | Lair:3   | Noticed a six-headed hydra
 20401 | Lair:3   | Killed a three-headed hydra
 20405 | Lair:3   | Reached XP level 13. HP: 125/125 MP: 13/13
 20417 | Lair:3   | Received a gift from Trog
 20547 | Lair:3   | Found a shimmering blue altar of Sif Muna.
 20603 | Lair:3   | Found a staircase to the Swamp.
 22558 | Lair:4   | Found a runed translucent gate.
 22560 | Lair:4   | Found a runed translucent gate.
 22560 | Lair:4   | Noticed Luuqe's ghost (journeyman MfGl)
 22561 | Lair:4   | Found a runed translucent gate.
 22583 | Lair:4   | Found a staircase to the Snake Pit.
 22876 | Lair:4   | Reached skill level 15 in Fighting
 22876 | Lair:4   | Reached skill level 10 in Dodging
 23148 | Lair:5   | Reached skill level 15 in Axes
 23174 | Lair:5   | Reached skill level 5 in Evocations
 23717 | Lair:5   | Found a transporter.
 23734 | Lair:5   | You fall into a shaft and drop 1 floor!
 23734 | Lair:6   | Entered Level 6 of the Lair of Beasts
 23837 | Lair:5   | Found a staircase to the Slime Pits.
 23838 | Lair:5   | Found a viscous altar of Jiyva.
 24354 | Lair:5   | Noticed Sorchofoz's ghost (journeyman OpBe)
 24429 | Lair:5   | Found a transporter.
 24813 | Lair:6   | Reached XP level 14. HP: 135/135 MP: 14/14
 24992 | Lair:6   | Identified a scroll of acquirement
 24997 | Lair:6   | Acquired 286 gold pieces
 25023 | Lair:6   | Noticed Urug
 25031 | Lair:6   | Killed Urug
 25307 | Lair:6   | Reached ****** piety under Trog
 26501 | D:12     | Noticed Kirke
 26512 | D:12     | Killed Kirke
 26644 | D:12     | Noticed Azrael
 26676 | D:12     | Killed Azrael
 27024 | D:12     | Received a gift from Trog
 28240 | D:13     | Found a gate to the Vaults.
 28369 | D:14     | Noticed Nessos
 28377 | D:14     | Killed Nessos
 28608 | D:14     | Reached XP level 15. HP: 128/145 MP: 15/15
 28753 | D:14     | Noticed Jorgrun
 28768 | D:14     | Killed Jorgrun
 29448 | D:15     | Entered Level 15 of the Dungeon
 29457 | D:15     | Received a gift from Trog
 29710 | D:15     | Found a staircase to the Depths.
 31069 | Orc:1    | Entered Level 1 of the Orcish Mines
 31144 | Orc:1    | Noticed an orc warlord
 31165 | Orc:1    | Killed an orc warlord
 31173 | Orc:1    | Received a gift from Trog
 31623 | Orc:2    | Entered Level 2 of the Orcish Mines
 31629 | Orc:2    | Noticed Sonja
 31643 | Orc:2    | Killed Sonja
 31852 | Orc:2    | Found a staircase to the Elven Halls.
 31940 | Orc:2    | Found a large runed translucent door.
 31940 | Orc:2    | Noticed a vault warden
 31940 | Orc:2    | Noticed jejorda2's ghost (journeyman MfBe)
 31941 | Orc:2    | Noticed robertstho's ghost (journeyman MiBe)
 31941 | Orc:2    | Noticed a vault warden
 31942 | Orc:2    | Found a large runed translucent door.
 32047 | Orc:2    | HP: 5/147 [orc high priest/divine providence (13)]
 32498 | Orc:2    | Received a gift from Trog
 32946 | Orc:2    | Found Iwog Qesk's Antique Weapon Emporium.
 32949 | Orc:2    | Found Ohixowy's Assorted Antiques.
 32950 | Orc:2    | Found Kiosioc's Antique Weapon Emporium.
 32951 | Orc:2    | Found Joiluan's Weapon Shoppe.
 33164 | Snake:1  | Entered Level 1 of the Snake Pit
 33499 | Snake:1  | Reached XP level 16. HP: 152/157 MP: 16/16
 34272 | Snake:1  | Noticed Mlioglotl
 34329 | Snake:1  | Killed Mlioglotl
 34760 | Snake:1  | Found Mahyofiub's CLEARANCE SALE!.
 34790 | Snake:1  | Noticed Roxanne
 35658 | Snake:2  | Noticed Vashnia
 35707 | Snake:2  | Received a gift from Trog
 35719 | Snake:2  | HP: 9/237 [constriction (3)]
 35720 | Snake:2  | HP: 3/158 [poisoned by a naga ritualist (toxic radiance)]
 35721 | Snake:2  | Shot with a bolt by a naga sharpshooter

Illustrated notes

Levels and vault maps discovered:
D:1:      ldierk_walled_garden_2, layout_basic
D:2:      layout_basic, basic_ecumenical_altar, serial_shops,
          nicolae_shop_competitors_out_of_business, nicolae_shop_crystal,
          nicolae_diamond_shop, minmay_pentomino_o2
D:3:      layout_basic, gammafunk_ghost_icy
D:4:      layout_layer_cave, uniq_eustachio, uniq_grinder
D:5:      layout_cave_pools, mainiacjoe_overflow_big_doors, serial_shops, shop
D:6:      minmay_opposing_rooms, layout_basic, minmay_temple_entry_offerings,
          enter_ossuary_3
D:7:      layout_loops_cross, nicolae_ru_sacrificial_ziggurat, dk_noncrumbling_2
D:8:      layout_layer_cave, serial_shops, shop_statue,
          chequers_serial_rivers_room_b, minmay_misc_feat_hallway,
          minmay_evil_grid
D:9:      layout_long_grid
D:10:     layout_small_grid, old_standard_altar, serial_shops,
          nicolae_shop_crystal, grunt_decor_arrowhead, corexii_corridor_pit
D:11:     layout_grid_maze, david_lair_shrubbed, orc_0_dummy, hive_lemuel,
          uniq_grum, uniq_erica
D:12:     layout_stronghold, uniq_azrael, uniq_kirke
D:13:     layout_rooms, david_vaults_1
D:14:     layout_gridville, serial_bayou_pond_b, uniq_jorgrun, uniq_nessos
D:15:     hangedman_depths_entry_civil_slaughter, layout_stronghold,
          serial_park_tiny_1
Lair:1:   layout_misc_corridors, infiniplex_staircase_pool
Lair:2:   ebering_ghost_xom, layout_chaotic_city, beast_lair_carwin_3,
          infiniplex_staircase_pool_2, grunt_megastairs_2
Lair:3:   layout_loops_ring, minmay_swamp_entry_worms, basic_altar,
          gauntlet_entry_generic
Lair:4:   regret_index_tunnel_blossom, layout_regular_city,
          gammafunk_ghost_hydra_chop, kennysheep_rathole
Lair:5:   layout_layer_cave, slime_altar_1, gammafunk_ghost_hive,
          grunt_megastairs_4
Lair:6:   grunt_lair_end_beastmaster, layout_loops_ring, uniq_urug
Snake:1:  layout_onion, nrook_loot_triangle, nicolae_shop_clearance,
          uniq_mlioglotl, uniq_roxanne
Snake:2:  layout_onion_interference, nicolae_snake_gridmaze_waves,
          uniq_asterion, uniq_nikola, uniq_vashnia
Orc:1:    layout_diamond_mine
Orc:2:    st_orc_pillars, layout_caves, advil_vaults_ghost_guards, basic_altar,
          uniq_sonja

Skill      XL: |  1  2  3  4  5  6  7  8  9 10 11 12 13 14 15 16 |
---------------+-------------------------------------------------+-----
Fighting       | 4 5 6 7 8 10 12 13 14 15 16 17 18 | 18.3
Dodging        | 3 4 5 6 7 8 9 10 11 12 | 12.3
Shields        | 5 6 |  6.0
Maces & Flails | 3 |  3.7
Axes           | 4 10 13 15 16 17 18 | 18.3
Evocations     | 1 5 7 9 |  9.9

Action                   |  1- 3 |  4- 6 |  7- 9 | 10-12 | 13-15 | 16-18 || total
-------------------------+-------+-------+-------+-------+-------+-------++-------
Melee: Flail             |   157 |    38 |   424 |       |       |       ||   619
       Tailslap          |    11 |     5 |    69 |   111 |   219 |    20 ||   435
       Mace              |       |       |    66 |   253 |       |       ||   319
       Battleaxe         |       |       |       |   306 |   951 |   131 ||  1388
Invok: Berserk           |     1 |     3 |     7 |    21 |    20 |     1 ||    53
       Trog's Hand       |       |       |     3 |     2 |     2 |       ||     7
 Abil: Breathe Dispellin |       |       |     2 |     1 |       |       ||     3
Evoke: Wand              |       |       |       |     5 |       |       ||     5
       Box of beasts     |       |       |       |       |     1 |     1 ||     2
       Phantom mirror    |       |       |       |       |       |     1 ||     1
  Use: Potion            |       |       |       |     2 |     3 |     1 ||     6
       Scroll            |       |       |       |    15 |    12 |       ||    27
 Stab: Sleeping          |       |       |     2 |     3 |     8 |     2 ||    15
       Distracted        |       |       |       |       |     2 |       ||     2
Armor: Skin              |    60 |    11 |   182 |   255 |   179 |    24 ||   711
Dodge: Dodged            |   118 |    48 |   313 |   495 |   910 |   118 ||  2002
Block: Buckler           |    39 |    12 |     7 |       |       |       ||    58
       Kite shield       |       |       |   234 |   170 |       |       ||   404
       Other             |       |       |       |       |   123 |    30 ||   153
       Reflection        |       |       |       |       |     4 |       ||     4

Table legend: (Time is in decaauts)
 A = Elapsed time spent in this place.
 B = Non-inter-level travel time spent in this place.
 C = Inter-level travel time spent in this place.
 D = Time resting spent in this place.
 E = Time spent auto-exploring this place.
 F = Levels seen in this place.
 G = Mean time per level.
                   A        B        C        D        E       F      G
               +--------+--------+--------+--------+--------+-----+--------+
         Total |  36503 |  34900 |   1603 |   3341 |  25889 |  27 | 1352.0 |
       Dungeon |  21451 |  20303 |   1148 |   1980 |  15223 |  15 | 1430.1 |
          Lair |   8728 |   8387 |    341 |    610 |   6504 |   6 | 1454.7 |
     Snake Pit |   2454 |   2435 |     19 |     63 |   2078 |   2 | 1227.0 |
  Orcish Mines |   1956 |   1862 |     94 |    314 |   1144 |   2 |  978.0 |
       Ossuary |   1152 |   1152 |      0 |    258 |    597 |   1 | 1152.0 |
      Gauntlet |    761 |    761 |      0 |    114 |    343 |   1 |  761.0 |
               +--------+--------+--------+--------+--------+-----+--------+

Top non-repeatable levels by time:
     D:8: 2708 daAuts
 Snake:1: 2136 daAuts
  Lair:4: 1922 daAuts
    D:11: 1900 daAuts
     D:9: 1860 daAuts
     D:6: 1812 daAuts
  Lair:5: 1755 daAuts
     D:7: 1574 daAuts
    D:15: 1514 daAuts
     D:4: 1494 daAuts
    D:10: 1466 daAuts
  Lair:3: 1438 daAuts
    D:12: 1422 daAuts
  Lair:6: 1421 daAuts
 Ossuary: 1152 daAuts
